[Event "Team 45 45 League T83"]
[Site "Internet Chess Club"]
[Date "2020.01.12"]
[Round "2"]
[White "Egmont"]
[Black "Insan996"]
[Result "1/2-1/2"]
[WhiteElo "1684"]
[BlackElo "1590"]
[Opening "Nimzo-Indian: 4.e3 O-O, 5.Bd3"]
[ECO "E47"]
[Time "00:41:22"]
[TimeControl "2700+45"]

1. d4 Nf6 2. c4 e6 3. Nc3 Bb4 4. e3 O-O 5. Bd3 d6 6. Ne2 b6 7. a3 Bxc3+ 8. Nxc3
Bb7 9. O-O c5 10. Re1 Nbd7 11. e4 cxd4 12. Nb5 Nc5 13. Nxd4 Bxe4 14. Bxe4 Ncxe4
15. Qf3 d5 16. Nc6 Qd6 17. cxd5 exd5 18. Nd4 Rfe8 19. Bf4 Qd7 20. h3 Rac8 21.
Qb3 Rc4 22. Rad1 Nc5 23. Rxe8+ Qxe8 24. Qf3 Ne6 25. Be3 Qb8 26. g4 Qe5 27. Nb5
a6 28. b3 Rc8 29. Nd4 b5 30. Nf5 Kf8 31. Bd2 Qe4 32. Bb4+ Nc5 33. Qg3 Qe6 34.
Re1 Qb6 35. Qe5 Re8 36. Qc3 Rxe1+ 37. Qxe1 Qc7 38. Qe3 Ne4 39. Qd4 f6 40. f3 a5
41. Bxa5 Qxa5 42. fxe4 Qe1+ 43. Kg2 Qe2+ 44. Kg1 Qe1+ 45. Kg2 Qe2+ 46. Kg1 Qe1+
47. Kg2 {Game drawn by repetition} 1/2-1/2

[Event "Team 45 45 League T83"]
[Site "Internet Chess Club"]
[Date "2020.01.10"]
[Round "2"]
[White "CMAlge"]
[Black "nidusin2"]
[Result "0-1"]
[WhiteElo "1260"]
[BlackElo "1530"]
[Opening "Pirc defense"]
[ECO "B07"]
[Time "22:00:58"]
[TimeControl "2700+45"]

1. e4 d6 2. d4 Nf6 3. Nc3 Nbd7 4. f4 e5 5. Nf3 exf4 6. Bxf4 Be7 7. Be2 Nh5 8.
Qd2 Nxf4 9. Qxf4 c6 10. a4 Qb6 11. b3 Qa5 12. Qd2 d5 13. Nxd5 Qxd2+ 14. Nxd2
cxd5 15. exd5 Bb4 16. Rd1 Nf6 17. Bb5+ Bd7 18. Bc4 Ne4 19. O-O Nxd2 20. Rfe1+
Kd8 21. d6 Nxc4 22. bxc4 Bxe1 23. Rxe1 Re8 {White resigns} 0-1

[Event "Team 45 45 League T83"]
[Site "Internet Chess Club"]
[Date "2020.01.11"]
[Round "2"]
[White "ascoli"]
[Black "ghostfire"]
[Result "1-0"]
[WhiteElo "1560"]
[BlackElo "1691"]
[Opening "QGD Slav defense"]
[ECO "D10"]
[Time "13:01:16"]
[TimeControl "2700+45"]

1. d4 d5 2. c4 c6 3. Nc3 dxc4 4. e3 Nf6 5. Bxc4 e6 6. Nf3 Be7 7. O-O O-O 8. Ne5
Nbd7 9. f4 Nxe5 10. fxe5 Nd5 11. e4 Nxc3 12. bxc3 Qc7 13. Qg4 Re8 14. Bh6 Bf8
15. Rf3 g6 16. Qh4 Be7 17. Bg5 Bxg5 18. Qxg5 Qe7 19. Rf6 Qa3 20. Rf3 b5 21. Bb3
a5 22. Raf1 Rf8 23. Qh6 Ra7 24. Rh3 f6 25. exf6 Raf7 26. e5 a4 27. Bc2 Bd7 28.
Bxg6 Be8 29. Bxh7+ {Black resigns} 1-0

[Event "Team 45 45 League T83"]
[Site "Internet Chess Club"]
[Date "2020.01.08"]
[Round "2"]
[White "PJ"]
[Black "President"]
[Result "1-0"]
[WhiteElo "1552"]
[BlackElo "1515"]
[Opening "Grünfeld: exchange variation"]
[ECO "D85"]
[Time "14:02:39"]
[TimeControl "2700+45"]

1. d4 Nf6 2. c4 g6 3. Nc3 d5 4. cxd5 Nxd5 5. e4 Nxc3 6. bxc3 Bg7 7. f4 c5 8. Nf3
Nc6 9. e5 cxd4 10. cxd4 O-O 11. Be2 Be6 12. O-O Na5 13. Qa4 b5 14. Bxb5 a6 15.
Be2 Qb6 16. Bd2 Nb7 17. Rab1 Qa7 18. Be3 Bd5 19. Rfc1 Rfc8 20. Rxc8+ Rxc8 21.
Qxa6 Ra8 22. Qxa7 Rxa7 23. Rb2 Rxa2 24. Rxa2 Bxa2 25. Nd2 Bd5 26. Bc4 Bxc4 27.
Nxc4 f6 28. Kf2 Kf7 29. d5 fxe5 30. fxe5 Ke8 31. Bd4 Nd6 32. exd6 Bxd4+ 33. Kf3
exd6 34. Nxd6+ Kd7 35. Nc4 Bg1 36. h3 Bh2 37. Ke4 Bg3 38. Kf3 Bb8 39. g4 Ke7 40.
Ke4 h6 41. Ne5 g5 42. Nc6+ {Black resigns} 1-0

[Event "Team 45 45 League T83"]
[Site "Internet Chess Club"]
[Date "2020.01.10"]
[Round "2"]
[White "liujf"]
[Black "zugknightly"]
[Result "0-1"]
[WhiteElo "1543"]
[BlackElo "1685"]
[Opening "Sicilian: Alapin's variation (2.c3)"]
[ECO "B22"]
[Time "20:05:53"]
[TimeControl "2700+45"]

1. e4 c5 2. c3 d5 3. exd5 Qxd5 4. d4 Nc6 5. Be3 cxd4 6. cxd4 e6 7. Nc3 Bb4 8. a3
Bxc3+ 9. bxc3 e5 10. Nf3 Bg4 11. Be2 exd4 12. cxd4 Nge7 13. Rb1 b6 14. O-O O-O
15. Qd2 Nf5 16. h3 Nxe3 17. fxe3 Bd7 18. Bd3 Qd6 19. Ng5 h6 20. Ne4 Qe7 21. Qe2
Rae8 22. Qa2 Kh8 23. Rbe1 Na5 24. Ng3 Qg5 25. Qf2 Bc6 26. Qf5 Qxf5 27. Nxf5 Be4
28. Bb5 Bc6 29. Bd3 Be4 30. Bxe4 Rxe4 31. Nd6 Re7 32. e4 Nb3 33. Rd1 Kg8 34. Rd3
Na5 35. e5 f6 36. Rdf3 Re6 37. Nb5 Nc4 38. Rc3 Nd2 39. Rd1 Ne4 40. Re3 Ng5 41.
Nxa7 fxe5 42. Rxe5 Rxe5 43. dxe5 Re8 44. Rb1 Rxe5 45. Rxb6 Ra5 46. Nb5 Ne4 47.
Re6 Nd2 48. Re8+ Kh7 49. Rd8 Nc4 50. a4 Rxa4 {White resigns} 0-1

[Event "Team 45 45 League T83"]
[Site "Internet Chess Club"]
[Date "2020.01.13"]
[Round "2"]
[White "kingsrook"]
[Black "bardu"]
[Result "1-0"]
[WhiteElo "1247"]
[BlackElo "1356"]
[Opening "Nimzo-Indian: Reshevsky variation"]
[ECO "E46"]
[Time "13:15:42"]
[TimeControl "2700+45"]

1. d4 Nf6 2. c4 e6 3. Nc3 Bb4 4. e3 O-O 5. Ne2 d5 6. a3 Be7 7. cxd5 exd5 8. Nf4
c6 9. Bd3 Re8 10. O-O Nbd7 11. f3 Nf8 12. b4 Ng6 13. Bd2 Nxf4 14. exf4 Qd6 15.
Qc2 a5 16. Ne2 axb4 17. Bxb4 Qc7 18. Qb1 Bxb4 19. axb4 Rxa1 20. Qxa1 g6 21. Qb2
Re3 22. Qd2 Qe7 23. Kf2 Nh5 24. Qxe3 Qh4+ 25. Kg1 {Black resigns} 1-0

[Event "Team 45 45 League T83"]
[Site "Internet Chess Club"]
[Date "2020.01.08"]
[Round "2"]
[White "LuFran"]
[Black "Bumun"]
[Result "1/2-1/2"]
[WhiteElo "1704"]
[BlackElo "1679"]
[Opening "Queen's pawn: Charlick (Englund) gambit"]
[ECO "A40"]
[Time "18:00:23"]
[TimeControl "2700+45"]

1. d4 e5 2. dxe5 Nc6 3. Nf3 Qe7 4. Bf4 Qb4+ 5. Bd2 Qxb2 6. Nc3 Bb4 7. Rb1 Qa3 8.
Rb3 Qa5 9. a3 Bxc3 10. Bxc3 Qa4 11. e3 Nge7 12. Bb5 Qg4 13. O-O O-O 14. Be2 a6
15. Nd4 Qg6 16. Bd3 Qh6 17. Nf5 Nxf5 18. Bxf5 Re8 19. f4 d6 20. Bxc8 Raxc8 21.
exd6 Qxd6 22. Qxd6 cxd6 23. Bd2 b5 24. Rd3 Red8 25. Rd1 Ne7 26. Ba5 Re8 27. Rxd6
Nf5 28. Rxa6 Nxe3 29. Re1 Nxc2 30. Rxe8+ Rxe8 31. Bb6 {Game drawn by mutual
agreement} 1/2-1/2

[Event "Team 45 45 League T83"]
[Site "Internet Chess Club"]
[Date "2020.01.08"]
[Round "2"]
[White "Balderdash"]
[Black "seattleblues"]
[Result "1-0"]
[WhiteElo "1289"]
[BlackElo "1233"]
[Opening "Caro-Kann defense"]
[ECO "B10"]
[Time "21:08:45"]
[TimeControl "2700+45"]

1. e4 c6 2. Nf3 d5 3. e5 Bf5 4. Nc3 e6 5. Nd4 Ne7 6. d3 Nd7 7. Nxf5 Nxf5 8. d4
Qb6 9. Ne2 c5 10. c3 Be7 11. a4 cxd4 12. a5 Qc7 13. Nxd4 Qxe5+ 14. Ne2 O-O 15.
Bf4 Qe4 16. f3 Qc4 17. Nd4 Qc8 18. Nxf5 exf5 19. Bd3 Nc5 20. O-O Nxd3 21. Qxd3
Rd8 22. Rfe1 Bf6 23. Re2 d4 24. c4 Qd7 25. Rae1 g6 26. b3 Re8 27. Bh6 Rxe2 28.
Rxe2 Re8 29. Bd2 Rxe2 30. Qxe2 Qe6 31. Qf2 a6 32. Qf1 Qd6 33. g3 d3 34. Qe1 Qe5
35. Qc1 Qe2 36. Be3 Qxf3 37. Qd2 Qe2 38. Qxe2 dxe2 39. Kf2 e1=Q+ 40. Kxe1 Bc3+
41. Bd2 Bxd2+ 42. Kxd2 Kf8 43. Ke3 Ke7 44. Kd4 Kd6 45. c5+ Kc6 46. Kc4 f6 47. b4
g5 48. Kb3 Kb5 49. h3 h5 50. Kc3 f4 51. gxf4 gxf4 52. Kd3 Kxb4 53. Ke4 Kxc5 54.
Kxf4 Kd5 55. Kf5 h4 56. Kxf6 Ke4 57. Kg5 Ke5 58. Kxh4 Kf6 59. Kg4 Kg6 60. h4 Kh6
61. h5 Kh7 62. Kg5 Kh8 63. Kg6 {Black resigns} 1-0

[Event "Team 45 45 League T83"]
[Site "Internet Chess Club"]
[Date "2020.01.10"]
[Round "2"]
[White "cysk"]
[Black "achessman"]
[Result "1/2-1/2"]
[WhiteElo "1768"]
[BlackElo "1818"]
[Opening "Caro-Kann: advance variation"]
[ECO "B12"]
[Time "23:06:35"]
[TimeControl "2700+45"]

1. e4 c6 2. d4 d5 3. e5 Bf5 4. h4 h5 5. c4 e6 6. Nc3 Ne7 7. Nge2 dxc4 8. Ng3 b5
9. Be2 Bg6 10. Bg5 Qb6 11. Nce4 Nf5 12. Nxf5 Bxf5 13. Ng3 Bb4+ 14. Kf1 Bg6 15.
Nxh5 Bxh5 16. Bxh5 Nd7 17. Be3 Qc7 18. a4 Nb6 19. axb5 cxb5 20. Bf3 Nd5 21. Bg5
Be7 22. Bxe7 Qxe7 23. h5 O-O 24. h6 g6 25. h7+ Kh8 26. Bxd5 exd5 27. Ra6 Rfd8
28. Rf6 Rf8 29. Qf3 Rad8 30. g3 b4 31. Kg2 Rd7 {Game drawn by mutual agreement}
1/2-1/2

[Event "Team 45 45 League T83"]
[Site "Internet Chess Club"]
[Date "2020.01.14"]
[Round "2"]
[White "cadmiumorange"]
[Black "fishhead"]
[Result "0-1"]
[WhiteElo "1762"]
[BlackElo "1750"]
[Opening "King's Indian: 5.Be2"]
[ECO "E73"]
[Time "10:00:47"]
[TimeControl "2700+45"]

1. d4 Nf6 2. c4 g6 3. Nc3 Bg7 4. e4 d6 5. Be2 O-O 6. h4 c5 7. d5 h5 8. Nh3 Nbd7
9. Bg5 Ne5 10. Qd2 Nfg4 11. f3 f6 12. fxg4 fxg5 13. gxh5 gxh4 14. hxg6 Rf6 15.
O-O-O Qf8 16. Kb1 Bh6 17. Qe1 Nxg6 18. Bh5 Bd7 19. Bxg6 Rxg6 20. Qxh4 Qg7 21.
Nf4 Bxf4 22. Qxf4 Rf8 23. Qe3 Rxg2 24. Rdg1 Rff2 25. Qxf2 Rxf2 26. Rxg7+ Kxg7
27. Rg1+ Kf7 28. a3 a6 29. b4 b5 30. cxb5 axb5 31. bxc5 dxc5 32. Rh1 b4 33. axb4
cxb4 34. Nd1 Re2 35. Rh4 Re1 36. Rh7+ Kf6 37. e5+ Rxe5 38. Rh6+ Kg7 39. Rb6 Re1
40. Kc1 Ba4 41. Rxb4 Rxd1+ 42. Kb2 Be8 43. Re4 Kf8 44. Re5 Bf7 {White resigns}
0-1

[Event "Team 45 45 League T83"]
[Site "Internet Chess Club"]
[Date "2020.01.09"]
[Round "2"]
[White "Goli"]
[Black "Yedixon"]
[Result "1-0"]
[WhiteElo "1719"]
[BlackElo "1645"]
[Opening "Pirc: Ufimtsev-Pytel variation"]
[ECO "B07"]
[Time "16:01:33"]
[TimeControl "2700+45"]

1. e4 d6 2. d4 Nf6 3. Nc3 c6 4. Nf3 Bg4 5. Be2 e6 6. h3 Bxf3 7. Bxf3 d5 8. O-O
Be7 9. e5 Nfd7 10. Ne2 c5 11. c3 Nc6 12. Be3 O-O 13. Nf4 Bg5 14. Qd2 Rc8 15.
Nxd5 Bxe3 16. Nxe3 cxd4 17. cxd4 Ndxe5 18. Bxc6 Nxc6 19. Rfd1 Qg5 20. Nc4 Qxd2
21. Rxd2 Rfd8 22. Rad1 Nb4 23. b3 Rc7 24. Ne5 f6 25. Nd3 Nxd3 26. Rxd3 Rcd7 27.
f4 e5 28. fxe5 fxe5 29. d5 Kf7 30. Kf2 Ke7 31. Ke3 Kd6 32. Rc1 Rf8 33. Rc4 Rdf7
34. Rc2 Rf4 35. Rcd2 Rc8 36. a3 a5 37. a4 Rc5 38. Ke2 Re4+ 39. Kf2 Rb4 40. g3 b5
41. axb5 Rcxb5 42. Ra2 Rxd5 43. Rxd5+ Kxd5 44. Rxa5+ Ke4 45. Ra4 Rxa4 46. bxa4
Kd5 47. Ke3 Kc4 48. Ke4 Kb4 49. a5 Kxa5 50. Kxe5 Kb4 51. Ke6 Kc4 52. Kf7 g5 53.
Kg7 h5 54. Kg6 {Black resigns} 1-0

[Event "Team 45 45 League T83"]
[Site "Internet Chess Club"]
[Date "2020.01.11"]
[Round "2"]
[White "VictorRed"]
[Black "bobhill"]
[Result "0-1"]
[WhiteElo "1623"]
[BlackElo "1833"]
[Opening "Queen's pawn game, Darooha variation "]
[ECO "D02"]
[Time "22:03:49"]
[TimeControl "2700+45"]

1. d4 d5 2. Nf3 Nf6 3. g3 Bg4 4. Bg2 e6 5. O-O Bd6 6. Ne5 Bh5 7. Bg5 h6 8. Bf4
g5 9. Bd2 Nbd7 10. Nxd7 Qxd7 11. f3 Bg6 12. Nc3 a6 13. e4 dxe4 14. fxe4 Be7 15.
Be3 c6 16. e5 Nd5 17. Nxd5 exd5 18. Qd2 O-O-O 19. b3 Bf5 20. c4 Be6 21. c5 Rdg8
22. b4 h5 23. a4 h4 24. b5 hxg3 25. hxg3 Rh7 26. bxa6 bxa6 27. Qd3 Rgh8 28.
Qxa6+ Qb7 29. Qxb7+ Kxb7 30. Rab1+ Ka7 31. Rb6 Bh3 32. Bxh3 Rxh3 33. Rxf7 Rh1+
34. Kg2 R8h2+ 35. Kf3 Rf1+ 36. Kg4 Rxf7 37. Rxc6 Re2 38. Rc7+ Kb8 39. Rxe7 Rxe7
40. Bxg5 Ra7 41. Kf3 Re4 {White resigns} 0-1

[Event "Team 45 45 League T83"]
[Site "Internet Chess Club"]
[Date "2020.01.11"]
[Round "2"]
[White "Bumun"]
[Black "ARMAND02019"]
[Result "0-1"]
[WhiteElo "1663"]
[BlackElo "1689"]
[Opening "French: Winawer, advance variation"]
[ECO "C16"]
[Time "08:39:25"]
[TimeControl "2700+45"]

1. e4 e6 2. d4 d5 3. Nc3 Bb4 4. e5 Nc6 5. a3 Ba5 6. b4 Bb6 7. Na4 Bxd4 8. c3
Bxe5 9. Qc2 Nf6 10. f4 Bd6 11. Nf3 a6 12. Be3 e5 13. fxe5 Nxe5 14. Nxe5 Bxe5 15.
Rd1 O-O 16. c4 d4 17. Bd3 Qe7 18. Bg5 Bf4+ {White resigns} 0-1

[Event "Team 45 45 League T83"]
[Site "Internet Chess Club"]
[Date "2020.01.11"]
[Round "2"]
[White "ascoli"]
[Black "liujf"]
[Result "1-0"]
[WhiteElo "1536"]
[BlackElo "1526"]
[Opening "Nimzo-Indian: Kmoch variation"]
[ECO "E20"]
[Time "09:07:38"]
[TimeControl "2700+45"]

1. d4 Nf6 2. c4 e6 3. Nc3 Bb4 4. f3 O-O 5. a3 Bxc3+ 6. bxc3 d5 7. cxd5 exd5 8.
e3 Re8 9. Bd3 Nbd7 10. Ne2 c5 11. O-O b6 12. Ng3 Bb7 13. Re1 Nb8 14. e4 dxe4 15.
fxe4 cxd4 16. e5 Nfd7 17. Qh5 Nf8 18. Bg5 Qd7 19. Bf6 gxf6 20. Nf5 fxe5 21. Qg5+
Ng6 22. Qf6 {Black resigns} 1-0

[Event "Team 45 45 League T83"]
[Site "Internet Chess Club"]
[Date "2020.01.12"]
[Round "2"]
[White "seattleblues"]
[Black "Pawnchain"]
[Result "0-1"]
[WhiteElo "1224"]
[BlackElo "1411"]
[Opening "Budapest: Adler variation"]
[ECO "A52"]
[Time "06:00:24"]
[TimeControl "2700+45"]

1. d4 Nf6 2. c4 e5 3. dxe5 Ng4 4. Nf3 Bc5 5. e3 Nc6 6. Nc3 Ngxe5 7. Be2 O-O 8.
O-O a6 9. b3 d6 10. Bb2 Bf5 11. e4 Nxf3+ 12. Bxf3 Bg6 13. Qe2 Nd4 14. Qd1 c6 15.
Rc1 Qf6 16. Be2 Qg5 17. Bd3 Bh5 18. Ne2 Nf3+ 19. Kh1 Nh4 20. g3 Bf3+ 21. Kg1 Qg4
{White resigns} 0-1

[Event "Team 45 45 League T83"]
[Site "Internet Chess Club"]
[Date "2020.01.10"]
[Round "2"]
[White "jeffk"]
[Black "SeniorCitizen"]
[Result "0-1"]
[WhiteElo "1064"]
[BlackElo "1275"]
[Opening "French: exchange variation"]
[ECO "C01"]
[Time "13:00:13"]
[TimeControl "2700+45"]

1. e4 e6 2. d4 d5 3. exd5 exd5 4. Nf3 Be7 5. Bb5+ c6 6. Ba4 Nf6 7. O-O O-O 8.
Bf4 Nbd7 9. Nbd2 Ne4 10. Nxe4 dxe4 11. Ne5 Nxe5 12. Bxe5 Bf6 13. c4 Bxe5 14.
dxe5 Be6 15. Bb3 Qc7 16. f4 Rfd8 17. Qc2 Qb6+ 18. c5 Qb4 19. Bxe6 fxe6 20. a3
Qd4+ 21. Rf2 e3 22. Re2 Qxf4 23. Rf1 Qxe5 24. Rf3 Qd5 25. Qd2 exd2 {White
resigns} 0-1

[Event "Team 45 45 League T83"]
[Site "Internet Chess Club"]
[Date "2020.01.15"]
[Round "2"]
[White "Mitochondria"]
[Black "isolani"]
[Result "1-0"]
[WhiteElo "1533"]
[BlackElo "1379"]
[Opening "King's Indian: 5.Nf3"]
[ECO "E90"]
[Time "18:06:53"]
[TimeControl "2700+45"]

1. d4 Nf6 2. c4 g6 3. Nc3 Bg7 4. e4 d6 5. Nf3 O-O 6. Bd3 c6 7. O-O Na6 8. a3 Bg4
9. h3 Bxf3 10. Qxf3 Nc7 11. Rd1 Ne6 12. Be3 Nh5 13. Bc2 Qc7 14. Rac1 h6 15. Bb1
Ng5 16. Bxg5 hxg5 17. Qg4 Bh6 18. d5 Nf6 19. Qe2 Nd7 20. Bd3 Ne5 21. Rc2 Qc8 22.
Qe3 Kg7 23. Qe1 g4 24. hxg4 Qxg4 25. Be2 Qh4 26. g3 Qf6 27. f4 Nd7 28. Bg4 Rad8
29. Bxd7 Rxd7 30. e5 Qf5 31. Rcd2 Qg4 32. e6 Rdd8 33. Rg2 fxe6 34. Qxe6 Qxe6 35.
dxe6 Kf6 36. Re2 Kf5 37. Na2 Kg4 38. Kg2 Bg7 39. b3 g5 40. fxg5 Kxg5 41. Nc1 Rf5
42. Nd3 Rdf8 43. Nf4 Be5 44. Nd3 Bg7 45. Rh1 Rf3 46. Rd1 R3f6 47. a4 Rh6 48. Rh1
Rxh1 49. Kxh1 Kg4 50. Kg2 Rf3 51. Nf2+ {Black resigns} 1-0

[Event "Team 45 45 League T83"]
[Site "Internet Chess Club"]
[Date "2020.01.11"]
[Round "2"]
[White "MartyJR"]
[Black "Waldomiro"]
[Result "0-1"]
[WhiteElo "1454"]
[BlackElo "1464"]
[Opening "Dutch"]
[ECO "A80"]
[Time "20:00:28"]
[TimeControl "2700+45"]

1. d4 f5 2. Bf4 Nf6 3. e3 g6 4. Nf3 Bg7 5. Bc4 e6 6. h3 b6 7. Nbd2 Bb7 8. c3 Nc6
9. Qc2 Na5 10. Bd3 O-O 11. e4 fxe4 12. Nxe4 Nxe4 13. Bxe4 Rxf4 14. Bd3 Bxf3 15.
gxf3 Qf6 16. O-O-O Rf8 17. Rh2 Rxf3 18. Rf1 Qf4+ 19. Kb1 Qxh2 {White resigns}
0-1

[Event "Team 45 45 League T83"]
[Site "Internet Chess Club"]
[Date "2020.01.10"]
[Round "2"]
[White "guyd52"]
[Black "olivermx"]
[Result "1/2-1/2"]
[WhiteElo "1240"]
[BlackElo "1306"]
[Opening "Benko's opening"]
[ECO "A00"]
[Time "09:07:21"]
[TimeControl "2700+45"]

1. g3 d5 2. d3 Nf6 3. Nf3 Bf5 4. Bg2 h6 5. O-O e6 6. Nbd2 Bc5 7. h3 O-O 8. Re1
Bg6 9. Nh4 Nbd7 10. Nxg6 fxg6 11. c3 c6 12. e4 Qe7 13. e5 Nh7 14. d4 Bb6 15. h4
c5 16. Nf3 cxd4 17. cxd4 Rac8 18. Be3 Nb8 19. Qd2 Nc6 20. Qd3 Nb4 21. Qb3 Nc2
22. a3 Nxa1 23. Rxa1 g5 24. Qd3 gxh4 25. Nxh4 Qe8 26. Ng6 Rf7 27. Bf3 Bd8 28.
Bh5 Rfc7 29. Nf4 Qd7 30. Qg6 Ng5 31. Bg4 Rc6 32. Nh5 Qf7 33. Qd3 Ne4 34. f3 Ng5
35. Kg2 Rc2+ 36. Bd2 Ba5 37. b4 Bb6 38. Nf4 R8c4 39. Bh5 Qd7 40. Ne2 Qc8 41. Rh1
Qf8 42. Bg6 {Game drawn by mutual agreement} 1/2-1/2

[Event "Team 45 45 League T83"]
[Site "Internet Chess Club"]
[Date "2020.01.12"]
[Round "2"]
[White "Conjurer"]
[Black "isaac13"]
[Result "1/2-1/2"]
[WhiteElo "1201"]
[BlackElo "1188"]
[Opening "Old Benoni defense"]
[ECO "D13"]
[Time "13:08:20"]
[TimeControl "2700+45"]

1. d4 c5 2. c3 cxd4 3. cxd4 Nf6 4. Nc3 d5 5. Nf3 Nc6 6. h3 e6 7. Bf4 Bb4 8. e3
O-O 9. Bd3 Re8 10. O-O Bd6 11. Ne5 Bxe5 12. dxe5 Nd7 13. Qh5 g6 14. Qh6 Ncxe5
15. Bg5 f6 16. Bxg6 Nxg6 17. Bh4 Nde5 18. e4 d4 19. Rad1 Nf7 20. Qh5 Nxh4 21.
Qxh4 e5 22. Nd5 Re6 23. Rd3 f5 24. Qxd8+ Nxd8 25. Nc7 Rb8 26. Nxe6 Bxe6 27. exf5
Bxf5 28. Rg3+ Kf7 29. Rc1 Nc6 30. Rf3 Ke6 31. g4 Bg6 32. g5 Bf5 33. h4 e4 34.
Re1 Rd8 35. Rb3 b6 36. f3 e3 37. Rb5 Rd5 38. Rb3 Kd6 39. Kf1 Na5 40. Rb4 Bd3+
41. Kg1 Rb5 42. Rxd4+ Rd5 43. Rxd5+ Kxd5 44. Rxe3 Bg6 45. b3 Kd6 46. Kf2 Nc6 47.
f4 Nd4 48. b4 Nc2 49. Rb3 Kd5 50. a3 Ke4 51. Kg3 Nd4 52. Rb2 Nf5+ 53. Kg4 Ne3+
54. Kg3 Nf5+ 55. Kg4 Ne3+ {Game drawn by mutual agreement} 1/2-1/2

[Event "Team 45 45 League T83"]
[Site "Internet Chess Club"]
[Date "2020.01.10"]
[Round "2"]
[White "cayo89"]
[Black "Packerfan"]
[Result "0-1"]
[WhiteElo "1644"]
[BlackElo "1784"]
[Opening "Queen's pawn, Mason variation"]
[ECO "D00"]
[Time "15:01:09"]
[TimeControl "2700+45"]

1. d4 d5 2. Bf4 Nf6 3. e3 Bf5 4. Bd3 Bxd3 5. Qxd3 Nbd7 6. Nf3 e6 7. Nbd2 Bd6 8.
Bg3 O-O 9. Ne5 a6 10. f4 c5 11. c3 cxd4 12. exd4 Nh5 13. O-O Nxg3 14. Qxg3 Nxe5
15. fxe5 Be7 16. Nf3 b5 17. Rac1 Rb8 18. Rc2 b4 19. cxb4 Rxb4 20. Rfc1 Qb8 21.
Rc7 Rb7 22. R7c2 Rxb2 23. Qf2 Rxc2 24. Qxc2 Qa7 25. Qc7 Ra8 26. Qa5 Bd8 27. Qa4
Kf8 28. Rc6 a5 29. Qa3+ Be7 30. Qc3 g6 31. Rc7 Qb6 32. Qc1 Ke8 33. Rc6 Qb5 34.
Rc8+ Rxc8 35. Qxc8+ Bd8 36. Qc2 Kf8 37. Qc8 Qb6 38. a4 Kg7 39. Qd7 Qc7 40. Qb5
Be7 41. h3 Bb4 42. Qe8 h6 43. Kh2 Bc3 44. Qb5 Qc4 45. Qc5 Qxc5 46. dxc5 Kf8 47.
g4 Ke8 48. Kg3 Kd7 49. h4 Kc6 {White resigns} 0-1

[Event "Team 45 45 League T83"]
[Site "Internet Chess Club"]
[Date "2020.01.12"]
[Round "2"]
[White "Electryon"]
[Black "Portola"]
[Result "0-1"]
[WhiteElo "1472"]
[BlackElo "1759"]
[Opening "English opening: Agincourt variation"]
[ECO "A13"]
[Time "19:02:59"]
[TimeControl "2700+45"]

1. Nf3 d5 2. c4 e6 3. b3 Nf6 4. g3 Nbd7 5. Bg2 b6 6. Bb2 Be7 7. O-O O-O 8. e3
Bb7 9. Qe2 c5 10. Rd1 Qc7 11. Nc3 a6 12. cxd5 exd5 13. d4 Rad8 14. Rac1 Rfe8 15.
dxc5 bxc5 16. Ne1 Nb6 17. Nd3 Qb8 18. Nb1 c4 19. bxc4 Nxc4 20. Bd4 Bf8 21. Bxf6
gxf6 22. Qg4+ Bg7 23. Nf4 Ne5 24. Qf5 Bc8 25. Qc2 Be6 26. Nxd5 Rc8 27. Qa4 Rxc1
28. Rxc1 Nd3 29. Rf1 Rf8 30. Qxa6 Ne5 31. Nbc3 Qb2 32. Rb1 Qd2 33. Qe2 Qxe2 34.
Nxe2 Rd8 35. Nef4 Bd7 36. Nh5 Ba4 37. Nhxf6+ Kh8 38. Nh5 Bf8 39. Rb7 Bc6 40.
Rxf7 Nxf7 41. Nhf6 Rb8 42. Nb4 Bxg2 43. Kxg2 Rxb4 {White resigns} 0-1

[Event "Team 45 45 League T83"]
[Site "Internet Chess Club"]
[Date "2020.01.09"]
[Round "2"]
[White "nosir"]
[Black "tryanything"]
[Result "1/2-1/2"]
[WhiteElo "1431"]
[BlackElo "1480"]
[Opening "Queen's pawn game, Darooha variation "]
[ECO "D02"]
[Time "17:59:53"]
[TimeControl "2700+45"]

1. d4 Nf6 2. Nf3 d5 3. b3 g6 4. Bg5 Bg7 5. e3 O-O 6. Bd3 c5 7. c3 cxd4 8. exd4
Qd6 9. O-O Bg4 10. Nbd2 Nc6 11. h3 Bxf3 12. Nxf3 e5 13. dxe5 Nxe5 14. Nxe5 Qxe5
15. Bd2 Ne4 16. Rc1 Nxd2 17. Qxd2 Rac8 18. Bb1 Rxc3 19. Rxc3 Qxc3 20. Qxd5 b6
21. Qe4 a5 22. Qd3 {Game drawn by mutual agreement} 1/2-1/2

[Event "Team 45 45 League T83"]
[Site "Internet Chess Club"]
[Date "2020.01.12"]
[Round "2"]
[White "sdcohle"]
[Black "g8wrb"]
[Result "1/2-1/2"]
[WhiteElo "1387"]
[BlackElo "1255"]
[Opening "Van't Kruijs opening"]
[ECO "A00"]
[Time "14:31:20"]
[TimeControl "2700+45"]

1. e3 e5 2. c4 Nf6 3. d4 exd4 4. exd4 Bb4+ 5. Nc3 O-O 6. Nf3 Re8+ 7. Be2 b6 8.
O-O Bb7 9. Bd2 Qe7 10. Bd3 Nc6 11. Re1 Qd6 12. a3 Bxc3 13. Bxc3 Rxe1+ 14. Qxe1
Re8 15. Qd2 Ne7 16. d5 Ng6 17. Re1 Rxe1+ 18. Qxe1 Qe7 19. Qxe7 Nxe7 20. h3 h6
21. Kf1 Ba6 22. Bb4 Nexd5 23. Bd2 Ne7 24. Be2 d6 25. b3 Ne4 26. Be1 f5 27. Nd4
Kf7 28. f3 Nc5 29. b4 Ne6 30. Nxe6 Kxe6 31. Bc3 g5 32. Kf2 Ng6 33. g3 Ne5 34. b5
Bb7 35. f4 Nf7 36. Ke3 c5 37. Bh5 d5 38. cxd5+ Bxd5 39. Kd3 Ke7 40. Bg7 Bg2 41.
h4 gxf4 42. gxf4 Bf1+ 43. Kc3 Bxb5 44. Bxf7 Kxf7 45. Bxh6 {Game drawn by mutual
agreement} 1/2-1/2

[Event "Team 45 45 League T83"]
[Site "Internet Chess Club"]
[Date "2020.01.08"]
[Round "2"]
[White "QuieroAprender"]
[Black "DaveTheRook"]
[Result "1-0"]
[WhiteElo "1664"]
[BlackElo "1584"]
[Opening "Queen's pawn game"]
[ECO "A46"]
[Time "18:46:50"]
[TimeControl "2700+45"]

1. d4 Nf6 2. Nf3 e6 3. Bf4 d5 4. e3 Bd6 5. Bg3 O-O 6. Nbd2 c5 7. c3 cxd4 8. cxd4
Bxg3 9. hxg3 Nc6 10. Bd3 Nb4 11. Bb1 Bd7 12. g4 g6 13. g5 Nh5 14. a3 Nc6 15.
Rxh5 gxh5 16. Qc2 f5 17. gxf6 Rf7 18. Ng5 Qxf6 19. Nxf7 Qxf7 20. Nf3 Rf8 21. Ng5
Qf5 22. Nxh7 Rf7 23. Qxf5 exf5 24. Ng5 Rg7 25. f4 Nd8 26. Ba2 Bc6 27. Kf2 Re7
28. Rh1 Nf7 29. Rxh5 Nxg5 30. Rxg5+ Rg7 31. Rxf5 {Black resigns} 1-0

[Event "Team 45 45 League T83"]
[Site "Internet Chess Club"]
[Date "2020.01.12"]
[Round "2"]
[White "dalmata"]
[Black "julesraider"]
[Result "1-0"]
[WhiteElo "1584"]
[BlackElo "1666"]
[Opening "King's Indian: orthodox, Aronin-Taimanov variation (Yugoslav attack / Mar del Plata variation)"]
[ECO "E97"]
[Time "12:00:12"]
[TimeControl "2700+45"]

1. d4 Nf6 2. c4 g6 3. Nc3 Bg7 4. Nf3 O-O 5. e4 d6 6. Be2 e5 7. O-O Nc6 8. d5 Ne7
9. Be3 Ng4 10. Bg5 f6 11. Bh4 g5 12. Bg3 Ng6 13. h3 Nh6 14. Nd2 f5 15. Bh5 f4
16. Bh2 Bd7 17. a4 Kh8 18. b4 Nh4 19. f3 Qc8 20. Qe2 Rg8 21. Rf2 Bf6 22. c5 Be7
23. cxd6 Bxd6 24. Nc4 Bxb4 25. Rc1 Bd6 26. Nxd6 cxd6 27. Qd2 Qc7 28. Nb5 Qb6 29.
Nc7 Rac8 30. a5 Qe3 31. Qxe3 fxe3 32. Rfc2 Ba4 33. Rc3 e2 34. Kf2 Bd1 35. Bg3
Rg7 36. Bg4 Nxg4+ 37. hxg4 h5 38. Bxh4 gxh4 39. Ne6 Rxc3 40. Rxc3 Rd7 41. gxh5
Rf7 42. Rc8+ Kh7 43. Ng5+ Kg7 44. Nxf7 Kxf7 45. Rc7+ Kg8 46. Rxb7 h3 47. gxh3
e1=Q+ 48. Kxe1 Bxf3 49. Rxa7 Bxe4 50. h6 Bxd5 51. h7+ Kh8 52. Rd7 Bf3 53. a6 d5
54. a7 d4 55. Kf2 Bc6 56. Ke1 d3 57. Kd2 e4 58. Ke3 d2 59. Kxd2 e3+ 60. Kxe3 Bb7
61. Rd8+ Kxh7 62. a8=Q Bxa8 63. Rxa8 Kh6 64. Rg8 Kh7 65. Rg5 Kh6 66. h4 Kh7 67.
Kf4 Kh6 68. Kf5 Kh7 69. Kf6 Kh6 70. Kf7 Kh7 71. Rh5# {Black checkmated} 1-0